Map: Lightshade LE

Players

Krystianer

  • Race: Protoss Protoss

Strange - Winner!

  • Race: Protoss Protoss

Event: DreamHack SC2 Masters 2021 Winter

VOD

Have the link to the VOD?

Description

Time

  • Played on: Sept. 29, 2021, 11:47 a.m.
  • Length: 11:37

All games in this series

Show
View Real Time Build Order
Export as new Build Order

Krystianer Protoss 

Build Orders: Dark Templar Rush 

Get SALT Encoding   

  12  0:00  Probe  
  13  0:12  Probe  
  14  0:17  Pylon  
  14  0:24  Probe (Chrono Boost)  
  16  0:36  Probe (Chrono Boost)  
  16  0:38  Gateway  
  16  0:42  Probe (Chrono Boost)  
  16  0:45  Assimilator  
  17  0:50  Probe  
  17  0:54  Assimilator  
  18  1:03  Probe (Chrono Boost)  
  19  1:07  Gateway  
  20  1:12  Probe (Chrono Boost)  
  20  1:17  Probe (Chrono Boost)  
  20  1:25  Cybernetics Core  
  21  1:29  Probe  
  22  1:33  Pylon  
  22  1:41  Probe  
  23  1:53  Probe  
  24  2:01  Stalker x2, Warp Gate  
  29  2:08  Probe  
  29  2:11  Pylon  
  32  2:47  Stalker x2  
  32  2:49  Twilight Council  
  32  3:04  Nexus  
  32  3:12  Pylon  
  32  3:16  Probe  
  33  3:28  Probe (Chrono Boost)  
  33  3:31  Dark Shrine  
  34  3:39  Probe (Chrono Boost)  
  35  3:42  Pylon  
  35  3:44  Probe (Chrono Boost)  
  36  3:49  Sentry  
  36  3:51  Stalker  
  40  4:00  Probe, Shield Battery  
  41  4:06  Gateway, Blink  
  41  4:15  Probe  
  42  4:20  Stalker  
  39  4:27  Probe  
  40  4:39  Probe  
  40  4:43  Dark Templar  
  43  4:48  Pylon  
  43  4:51  Probe  
  43  4:58  Dark Templar  
  44  5:03  Probe (Chrono Boost)  
  46  5:15  Probe (Chrono Boost)  
  46  5:20  Probe (Chrono Boost)  
  46  5:22  Nexus  
  46  5:27  Pylon  
  45  5:29  Probe (Chrono Boost)  
  46  5:40  Stalker  
  46  5:41  Stalker  
  50  5:42  Probe (Chrono Boost)  
  51  5:53  Probe (Chrono Boost)  
  50  5:58  Forge  
  50  6:03  Probe (Chrono Boost)  
  51  6:12  Probe  
  52  6:19  Shield Battery  
  52  6:24  Probe  
  53  6:26  Sentry  
  53  6:27  Protoss Ground Weapons Level 1 (Chrono Boost)  
  53  6:30  Pylon  
  55  6:35  Sentry  
  55  6:37  Stalker  
  60  6:42  Probe x2 (Chrono Boost)  
  61  6:53  Probe (Chrono Boost)  
  63  6:54  Robotics Facility  
  63  6:56  Probe (Chrono Boost)  
  63  6:58  Probe (Chrono Boost)  
  64  7:03  Probe  
  64  7:08  Probe  
  66  7:09  Assimilator  
  66  7:11  Pylon  
  66  7:15  Probe  
  67  7:23  Probe  
  68  7:35  Charge  
  68  7:40  Nexus  
  68  7:49  Pylon  
  68  7:50  Probe  
  69  7:56  Warp Prism (Chrono Boost)  
  69  8:01  Stalker x3  
  69  8:04  Pylon  
  77  8:09  Photon Cannon  
  77  8:13  Nexus, Pylon  
  77  8:16  Pylon  
  77  8:19  Probe x2  
  79  8:29  Stalker x2  
  79  8:30  Stalker  
  85  8:35  Shield Battery  
  85  8:42  Probe, Protoss Ground Weapons Level 2 (Chrono Boost)  
  85  8:43  Probe  
  87  8:54  Gateway  
  87  8:56  Probe  
  87  8:57  Stalker  
  90  9:07  Stalker x2  
  94  9:10  Probe  
  94  9:12  Probe  
  96  9:22  Probe  
  93  9:24  Probe  
  94  9:33  Probe  
  94  9:34  Probe  
  94  9:35  Assimilator  
  96  9:40  Gateway x2  
  96  9:44  Assimilator  
  96  9:46  Templar Archives  
  96  9:47  Assimilator  
  96  9:54  Photon Cannon  
  96  9:55  Probe  
  97  10:00  Pylon  
  97  10:07  Zealot x4  
  105  10:14  Probe  
  105  10:21  Robotics Facility  
  106  10:22  Robotics Bay  
  106  10:28  High Templar x4  
  110  10:32  Photon Cannon, Archon x2  
  114  10:36  Zealot x2  
  118  10:44  Probe  
  107  10:54  Probe  
  100  11:00  Stalker x5  
  100  11:01  Stalker  
  100  11:03  Probe  
  109  11:04  Probe  
  109  11:06  Probe  
  91  11:18  Nexus  
  91  11:23  Zealot x3  
  91  11:24  Zealot x3  
Show
View Real Time Build Order
Export as new Build Order

Strange Protoss - Winner!

Build Orders: Blink Stalkers 

Get SALT Encoding   

  12  0:00  Probe  
  13  0:12  Probe  
  14  0:17  Pylon  
  14  0:24  Probe (Chrono Boost)  
  16  0:37  Gateway, Probe (Chrono Boost)  
  16  0:41  Probe (Chrono Boost)  
  16  0:46  Assimilator  
  17  0:52  Probe  
  17  0:54  Assimilator  
  18  1:04  Probe (Chrono Boost)  
  19  1:07  Gateway  
  19  1:14  Probe (Chrono Boost)  
  20  1:18  Probe (Chrono Boost)  
  20  1:24  Cybernetics Core  
  21  1:30  Probe  
  22  1:34  Pylon  
  22  1:42  Probe  
  23  1:52  Gateway  
  23  2:01  Stalker x2, Warp Gate (Chrono Boost)  
  27  2:17  Pylon  
  27  2:31  Stalker x2  
  31  2:39  Stalker  
  33  2:55  Shield Battery  
  32  3:04  Probe  
  33  3:14  Twilight Council  
  33  3:19  Pylon  
  33  3:34  Stalker x3  
  33  3:37  Probe  
  40  3:56  Blink  
  40  3:57  Adept  
  40  3:58  Adept x2  
  46  4:13  Robotics Facility  
  44  4:31  Shield Battery  
  40  4:34  Adept x2  
  40  4:35  Pylon  
  40  5:01  Observer (Chrono Boost)  
  40  5:03  Shield Battery  
  40  5:04  Nexus  
  40  5:05  Sentry  
  43  5:18  Immortal (Chrono Boost)  
  47  5:29  Probe  
  47  5:33  Sentry  
  50  5:39  Pylon  
  50  5:41  Probe  
  51  5:53  Observer, Probe  
  53  6:03  Pylon  
  53  6:05  Probe  
  53  6:07  Stalker x2  
  58  6:16  Probe  
  58  6:17  Probe  
  60  6:28  Probe  
  60  6:29  Probe  
  62  6:36  Pylon  
  62  6:40  Probe  
  62  6:41  Probe  
  64  6:49  Forge  
  64  6:52  Probe  
  64  6:53  Probe  
  66  6:58  Immortal  
  70  7:03  Pylon  
  70  7:04  Probe  
  70  7:05  Probe  
  72  7:12  Assimilator  
  72  7:13  Assimilator  
  72  7:14  Protoss Ground Weapons Level 1 (Chrono Boost)  
  72  7:16  Probe  
  72  7:17  Sentry  
  72  7:18  Probe  
  76  7:28  Probe  
  76  7:29  Sentry  
  79  7:30  Probe  
  79  7:33  Gateway  
  80  7:40  Probe  
  80  7:42  Probe  
  82  7:49  Pylon  
  81  7:53  Probe  
  81  7:55  Nexus  
  86  8:05  Immortal  
  86  8:13  Sentry x2  
  86  8:14  Shield Battery  
  90  8:30  Gateway  
  90  8:33  Gateway x2  
  90  8:36  Photon Cannon  
  90  8:37  Sentry x2  
  94  8:43  Photon Cannon  
  94  8:51  Warp Prism (Chrono Boost)  
  96  9:00  Photon Cannon  
  96  9:01  Protoss Ground Weapons Level 2 (Chrono Boost)  
  96  9:15  Stalker  
  96  9:16  Stalker  
  100  9:26  Charge  
  100  9:27  Probe x3  
  103  9:33  Stalker x3  
  109  9:39  Probe  
  109  9:41  Colossus  
  112  9:51  Pylon  
  110  9:56  Assimilator  
  110  10:03  Stalker x3  
  116  10:12  Stalker x3  
  122  10:21  Pylon x2  
  122  10:25  Probe x3  
  125  10:39  Probe x3  
  125  10:40  Stalker x4  
  136  10:49  Stalker x2  
  138  10:56  Observer  
  134  11:03  Stalker x4  
  132  11:14  Stalker x2  
  116  11:24  Zealot  
  116  11:25  Zealot  
  116  11:26  Zealot x4  

Tags
 
Add a new tag
Caveats
  • Supply blocks, unpowered buildings, or Contaminate may cause inaccurate times.
  • Supply counts are checked every 10 seconds.